 Dungeon Crawl Stone Soup version 0.30-a0-719-gcc4359ea44 (webtiles) character file.

Game seed: 4297702695496243654

31262 kae the Transmogrifier (level 13, 0/136 HPs)
             Began as a Demonspawn Transmuter on Jan 26, 2023.
             Was a High Priest of Hepliaklqana.
             Slain by a black mamba (13 damage)
             ... on level 4 of the Lair of Beasts.
             The game lasted 00:21:49 (20152 turns).

kae the Transmogrifier (Demonspawn Transmuter)     Turns: 20152, Time: 00:21:50

Health: 0/136      AC: 26    Str: 13    XL:     13   Next: 25%
Magic:  19/26      EV:  2    Int: 17    God:    Hepliaklqana [*****.]
Gold:   828        SH:  0    Dex: 14    Spells: 20/30 levels left

rFire   . . .      SeeInvis .      - Unarmed
rCold   . . .      Faith    .    (no shield)
rNeg    + . .      Spirit   .    (body armour currently unavailable)
rPois   +          Reflect  .    (helmet currently unavailable)
rElec   .          Harm     .    (cloak currently unavailable)
rCorr   .          Rampage  .    (gloves currently unavailable)
Will    .....      NoTele   +    (boots currently unavailable)
Stlth   +                        (no amulet)
HPRegen 0.42/turn                E - +5 ring of evasion
MPRegen 0.20/turn                N - ring of positive energy

@: tree-form, wereblooded
A: stationary, stasis, torment immunity, boosted hp, reduced essence, (claws 2),
(yellow scales 3), demonic guardian 1, ignite blood 1, (fire resistance 1),
robust 1
a: Renounce Religion, Recall Ancestor, Ancestor Identity, Transference, Idealise


You were on level 4 of the Lair of Beasts.
You worshipped Hepliaklqana.
Hepliaklqana was extremely pleased with you.
You were a tree.
You visited 3 branches of the dungeon, and saw 16 of its levels.

You collected 1092 gold pieces.
You spent 264 gold pieces at shops.


Innate Abilities, Weirdness & Mutations

You are a tree.
Your roots penetrate the ground, keeping you stationary.
You cannot be teleported.
You are immune to unholy pain and torment.
Your maximum health is greatly increased.
Your equipment is partially melded.
Your life essence is reduced to manifest your ancestor. (-10% HP)
((You have very sharp fingernails.))
((You are completely covered in yellow scales. (AC +4, rCorr)))
A weak demonic guardian rushes to your aid.
Your demonic aura sometimes causes spilled blood to erupt in flames.
((Your flesh is heat resistant. (rF+)))
You are robust. (+10% HP)


   Skills:
 + Level 5.0 Fighting
 + Level 5.0 Dodging
 + Level 9.5 Unarmed Combat
 + Level 9.3 Spellcasting
 * Level 12.9 Transmutations
 - Level 7.0 Ice Magic
 - Level 2.0 Poison Magic
 + Level 6.3 Invocations


You had 20 spell levels left.
You knew the following spells:

 Your Spells              Type           Power      Damage    Failure   Level
a - Beastly Appendage     Tmut           100%       N/A       1%          1
b - Wereblood             Tmut           51%        N/A       1%          2
c - Spider Form           Tmut/Pois      33%        N/A       1%          3
d - Ice Form              Ice/Tmut       41%        N/A       1%          4

Your spell library contained the following spells:

 Spells                   Type           Power      Damage    Failure   Level
 Frozen Ramparts          Ice            62%        1d10      1%          3
 Magic Dart               Conj           28%        1d4       9%          1
 Yara's Violent Unravell  Hex/Tmut       15%        3d8       19%         5
 Summon Ice Beast         Ice/Summ       19%        N/A       22%         4
 Dazzling Flash           Conj/Hex       14%        N/A       26%         3
 Stone Arrow              Conj/Erth      14%        3d7       26%         3
 Tukima's Dance           Hex            7%         N/A       26%         3
 Anguish                  Hex/Necr       3%         N/A       65%         4
 Animate Armour           Summ/Erth      14%        N/A       65%         4
 Passage of Golubria      Tloc           7%         N/A       65%         4
 Agony                    Necr           7%         N/A       94%         5
 Fireball                 Conj/Fire      3%         3d4       94%         5
 Silence                  Hex/Air        3%         N/A       94%         5
 Enfeeble                 Hex            3%         N/A       100%        7
 Lehudib's Crystal Spear  Conj/Erth      3%         10d3      100%        8

Inventory:

Hand Weapons
 C - the +8 trident of the Octopus King {venom, rElec rPois}
   (You took it off a skeletal warrior on level 11 of the Dungeon)

   rElec:     It insulates you from electricity.
   rPois:     It protects you from poison.
Missiles
 f - 12 boomerangs
 g - 162 stones
 i - 37 poisoned darts
 I - 2 javelins
 O - a throwing net {=f!f}
Armour
 a - a +1 robe (melded)
 D - a +1 hat of willpower (melded)
   (You took it off Gastronok on level 11 of the Dungeon)
 M - a +1 cloak (melded)
   (You found it on level 3 of the Lair of Beasts)
Jewellery
 E - a +5 ring of evasion (left branch)
   (You found it on level 4 of the Dungeon)
 F - a ring of fire
   (You found it on level 11 of the Dungeon)
 N - a ring of positive energy (right branch)
   (You found it on level 3 of the Dungeon)
 P - a ring of poison resistance
   (You found it on level 1 of the Lair of Beasts)
Wands
 k - a wand of light (15)
   (You found it on level 3 of the Dungeon)
 t - a wand of flame (19)
   (You found it on level 5 of the Dungeon)
 y - a wand of iceblast (2)
   (You found it on level 10 of the Dungeon)
Scrolls
 c - 5 scrolls of enchant armour
 h - 6 scrolls of teleportation {@r4}
 j - 3 scrolls of vulnerability {!r!r}
 m - 5 scrolls of amnesia
 n - a scroll of torment {!r}
 o - a scroll of poison {!r}
 p - a scroll of fog
 r - 5 scrolls of identify {@r1}
 s - a scroll of immolation {!r!r}
 u - a scroll of enchant weapon
 v - 6 scrolls of fear
 x - 3 scrolls of magic mapping {!r}
 J - a scroll of blinking {!r}
Potions
 b - 6 potions of lignification {!q}
 d - 11 potions of heal wounds {@q2}
 e - 2 potions of mutation {!q}
 l - a potion of magic
 q - a potion of degeneration {!q}
 w - 5 potions of flight
 z - a potion of ambrosia
 A - a potion of attraction {!q}
 B - 2 potions of might
 H - a potion of brilliance
 K - 2 potions of curing {@q1}
 L - a potion of resistance
Miscellaneous
 G - a piece from Xom's chessboard (15/15)
   (You found it on level 11 of the Dungeon)

Dungeon Overview and Level Annotations

Branches:
Dungeon (11/15) Zot: 23211  Temple (1/1) D:5 Zot: 5964    Lair (4/5) D:11 Zot: 18291
  Swamp (0/4) Lair:2        Snake (0/4) Lair:3        Slime (0/5) Lair:4
    Orc: D:9-12

Altars:
Ashenzari
Cheibriados
Dithmenos
Fedhas
Gozag
Hepliaklqana
Kikubaaqudgha
Makhleb
Nemelex Xobeh
Okawaru
Qazlal
Ru
Sif Muna
Trog
Uskayaw
Vehumet
Wu Jian
Xom
Yredelemnul

Shops:
D:2 *   D:6 ?   D:8 [=[[

Annotations:
D:10 Erica
D:11 3 runed translucent doors, exclusions: tormentor and 3 more exclusions, Nonseq's ghost, journeyman DsFE; PaleRider's ghost, journeyman TrFi
Lair:1 exclusion: 2 oklob plants

#.####.#....#.#..# ....+
...#.#.########..###.....
...#............#)#......
.............####..#.....
.........................
.........................
.........................
..####..........†4....... ###
##....P....♣S.....##
......P.#.#○##....##..#
.....#####...........### .....##.
..............##.
#....#..........[........#.
#.....#..........#......... #
#....##.##P....#...#....#.. #
##......###...............#.
######..............#..>.......P.


You could see a black mamba (ally target) and a friendly hellwing (summoned).


Message History

Sonja mumbles some strange words.
Sonja blinks!
The black mamba misses you.
Urug is engulfed in blazing flames.
Urug zaps a wand.
You warm up again.
Your +1 cloak unmelds from your body.
Your +1 hat of willpower unmelds from your body.
Your +1 robe unmelds from your body.
You feel strong-willed.
You turn into a tree.
Your +1 cloak melds into your body.
Your +1 hat of willpower melds into your body.
Your +1 robe melds into your body.
You feel less strong-willed.
Your roots penetrate the ground. 😕 HP[+25]
You now have 135 max hp (+27).
You regained 25 hp, and now have 106/135 hp.
Unknown command.
You hit Urug but do no damage.
The black mamba bites you but does no damage.
Sonja mumbles some strange words.
Sonja blinks!
The water moccasin bites you but does no damage.
The black mamba bites you.
Urug is engulfed in blazing flames.
Urug hits you with a +1 broad axe of distortion!!
Space warps horribly around you!
* * * LOW HITPOINT WARNING * * *
😨 HP[-39]
You take 39 damage, and now have 67/135 hp.
MASSIVE DAMAGE!! (PAUSE)
You hit Urug but do no damage. You punch Urug, but do no damage.
You creak as the wereblood boils in your veins!
The water moccasin bites you but does no damage.
The black mamba bites you but does no damage.
Sonja casts a spell.
Sonja blinks!
Unknown command.
You pummel Urug!!
The water moccasin bites you but does no damage.
The black mamba bites you but does no damage.
Urug is engulfed in blazing flames.
Urug hits you but does no damage.
The water moccasin bites you but does no damage.
The black mamba bites you but does no damage. 😮 HP[+1] Unknown command.
You smack Urug!
You feel a bit better.
You kill Urug!
Sonja is engulfed in blazing flames.
The black mamba bites you but does no damage.
The water moccasin bites you. 😮 HP[+2]
You regained 2 hp, and now have 70/135 hp.
Unknown command.
You completely miss Sonja.
The black mamba bites you but does no damage.
Sonja is engulfed in blazing flames.
Sonja hits you but does no damage. Space warps horribly around you!
* * * LOW HITPOINT WARNING * * *
A demonic guardian appears!
Sonja hits you with a +0 short sword of distortion.
* * * LOW HITPOINT WARNING * * *
Space warps around you.
* * * LOW HITPOINT WARNING * * *
Sonja hits you but does no damage. Space warps around you.
* * * LOW HITPOINT WARNING * * *
The water moccasin bites you but does no damage.
The black mamba bites you.
* * * LOW HITPOINT WARNING * * *
You closely miss Sonja.
Sonja is engulfed in blazing flames.
Sonja hits you but does no damage. x3
Space warps horribly around you!
* * * LOW HITPOINT WARNING * * *
The water moccasin bites you but does no damage.
The black mamba bites you but does no damage. 😱 HP[-42] MP[+1]
You take 42 damage, and now have 28/135 hp.
MASSIVE DAMAGE!! (PAUSE)
You pummel Sonja!!
You feel a bit better.
You kill Sonja!
The black mamba bites you!
* * * LOW HITPOINT WARNING * * *
The water moccasin bites you but does no damage.
Your hellwing hits the water moccasin!
Your hellwing closely misses the water moccasin.
Your Fighting skill increases to level 5! 😱 HP[-7]
You now have 136 max hp (+1).
You take 7 damage, and now have 21/136 hp.
Unknown command.
You pummel the water moccasin!! The black mamba bites you!
* * * LOW HITPOINT WARNING * * *
The water moccasin is engulfed in blazing flames.
You feel a bit better.
You kill the water moccasin!
Your hellwing swoops through the air toward the black mamba!
Your hellwing misses the black mamba. Your hellwing hits the black mamba.
The black mamba closely misses your hellwing.
Your Dodging skill increases to level 5! 😱 HP[-9]
You take 9 damage, and now have 12/136 hp.
Unknown command.
You pummel the black mamba!! The black mamba bites you!
You die...

Skill      XL: |  1  2  3  4  5  6  7  8  9 10 11 12 13 |
---------------+----------------------------------------+-----
Transmutations | 2 3 4 5 6 8 10 11 12 | 12.9
Unarmed Combat | 3 4 5 6 7 8 9 |  9.5
Poison Magic   | 1 2 |  2.0
Spellcasting   | 3 4 5 7 8 9 |  9.3
Ice Magic      | 1 2 3 5 6 7 |  7.0
Dodging        | 2 4 5 |  5.0
Invocations    | 2 5 6 |  6.3
Fighting       | 2 4 5 |  5.0

Action                     |  1- 3 |  4- 6 |  7- 9 | 10-12 | 13-15 || total
---------------------------+-------+-------+-------+-------+-------++-------
  Melee: Unarmed           |   110 |   136 |   236 |   408 |    62 ||   952
         Kick              |    17 |     8 |     1 |     1 |       ||    27
         Headbutt          |    14 |     5 |       |       |       ||    19
         Punch             |     2 |     1 |       |       |     1 ||     4
   Cast: Beastly Appendage |    28 |    10 |     1 |       |       ||    39
         Wereblood         |       |     3 |     8 |    11 |     2 ||    24
         Spider Form       |       |     7 |    13 |       |       ||    20
         Ice Form          |       |     2 |    25 |    61 |    10 ||    98
 Invoke: Ancestor Life: He |       |       |       |     1 |       ||     1
         Idealise          |       |       |       |       |     1 ||     1
Ability: End Transformatio |       |       |     1 |       |       ||     1
  Evoke: Wand              |       |       |     1 |    19 |       ||    20
         Piece from Xom's  |       |       |       |     3 |       ||     3
    Use: Scroll            |     4 |       |    12 |     4 |       ||    20
         Potion            |       |     5 |     1 |     2 |       ||     8
   Stab: Sleeping          |     1 |       |       |       |       ||     1
         Distracted        |       |     1 |       |     4 |       ||     5
         Invisible         |       |       |       |     4 |       ||     4
         Confused          |       |       |       |     7 |     2 ||     9
 Armour: Robe              |    31 |    21 |     4 |     4 |       ||    60
         Skin              |       |     4 |    33 |    67 |    31 ||   135
  Dodge: Dodged            |    80 |    89 |   168 |   231 |    38 ||   606

Levels and vault maps discovered:
D:1:      saegor_arrival_fortress, layout_basic,
          dreamdust_ecumenical_altar_grove, corexii_hall_statues_l,
          wander_ebering_terrifying_dragon_lair
D:2:      layout_basic, basic_altar, serial_shops, shop, fountainhead
D:3:      minmay_general_purpose_star, layout_loops_ring, okawaru_trees_2,
          minmay_joined_circles
D:4:      layout_cave_pools, lemuel_coloured_pillars_altar, uniq_duvessa
D:5:      layout_cave_pools, amcnicky_altar_gilded, minmay_temple_entry_waves,
          kennysheep_generic_room_12
D:6:      layout_layer_cave, nicolae_hepliaklqana_hazy_memory,
          mainiacjoe_overflow_24_doors, serial_shops, nicolae_shop_trees,
          minmay_misc_feat_enclosed, uniq_pikel, uniq_maggie
D:7:      layout_basic, kennysheep_mini_moat,
          mainiacjoe_overflow_concentric_impassable,
          mainiacjoe_overflow_surrounded_room
D:8:      layout_basic, nicolae_overflow_crystal_walls, serial_shops, shop,
          nicolae_shop_advertising_works [nicolae_subvault_shop_adworks],
          nicolae_square_shop, kennysheep_mini
D:9:      layout_gridville
D:10:     layout_basic, mainiacjoe_overflow_cross_hatched,
          mainiacjoe_overflow_chevrons, fedhas_altar_fruit_tree,
          mainiacjoe_overflow_catch_the_wave, kiku_gazebo_garden_becter,
          uniq_erica, uniq_joseph
D:11:     cheibrodos_tormentor_scu, layout_rooms, lair_entry_dummy,
          gammafunk_ghost_cemetery, uniq_gastronok
Temple:   nicolae_temple_little_seven
Lair:1:   minmay_lair_oklob_tunnel, layout_loops_ring, beast_lair_carwin_11
Lair:2:   layout_roguey, swamp_mist, serial_bayou_shore_a, lemuel_fruit_fields,
          serial_bayou_shore_b, lemuel_fruit_fields
Lair:3:   layout_cellular_growth, nicolae_snake_entry_squirm, basic_altar,
          grunt_megastairs_3
Lair:4:   layout_regular_city, nicolae_slime_entry_slimehenge, basic_altar,
          nicolae_quartered_pool_little, eino_house_with_fridge, uniq_sonja,
          uniq_snorg, uniq_urug

Notes
Turn   | Place    | Note
-------+----------+-------------------------------------------
     0 | D:1      | kae the Demonspawn Transmuter began the quest for the Orb.
     0 | D:1      | Reached XP level 1. HP: 15/15 MP: 3/3
     0 | D:1      | magus.rc [v1.11.3]
    82 | D:1      | Found a faded altar of an unknown god.
   106 | D:1      | Reached skill level 2 in Transmutations
   250 | D:1      | Gained mutation: You have sharp fingernails. [demonic
                  | ancestry]
   250 | D:1      | Reached XP level 2. HP: 19/21 MP: 3/5
   551 | D:1      | HP: 5/21 [quokka (5)]
   554 | D:1      | Reached skill level 3 in Unarmed Combat
   861 | D:1      | Gained mutation: You are partially covered in yellow
                  | scales. (AC +2) [demonic ancestry]
   861 | D:1      | Reached XP level 3. HP: 19/26 MP: 4/6
   864 | D:1      | Learned a level 2 spell: Wereblood
   868 | D:1      | Learned a level 3 spell: Spider Form
  1092 | D:1      | You add the spells Magic Dart, Anguish and Fireball to your
                  | library.
  1092 | D:1      | Got the Writings on Deathly Wounds
  1654 | D:2      | Reached skill level 1 in Poison Magic
  1711 | D:2      | Found a hazy altar of Hepliaklqana.
  1746 | D:2      | Gained mutation: A weak demonic guardian rushes to your
                  | aid. [demonic ancestry]
  1746 | D:2      | Reached XP level 4. HP: 32/32 MP: 7/7
  2102 | D:2      | Found Igozughi's General Store.
  2107 | D:2      | Bought a potion of curing for 39 gold pieces
  2107 | D:2      | Bought a scroll of teleportation for 39 gold pieces
  2280 | D:3      | Found an iron altar of Okawaru.
  2462 | D:3      | Reached skill level 3 in Transmutations
  2695 | D:3      | Reached XP level 5. HP: 32/37 MP: 0/9
  2696 | D:3      | Reached skill level 2 in Poison Magic
  3158 | D:4      | Noticed Dowan
  3159 | D:4      | Noticed Duvessa
  3296 | D:4      | Noticed an ogre
  3308 | D:4      | Killed an ogre
  3309 | D:4      | Reached skill level 3 in Spellcasting
  3309 | D:4      | Reached skill level 4 in Transmutations
  3405 | D:4      | Learned a level 4 spell: Ice Form
  3425 | D:4      | HP: 7/37 [Duvessa/+2 rapier of flaming (13)]
  3426 | D:4      | HP: 2/37 [Duvessa/+2 rapier of flaming (10)]
  3523 | D:3      | Gained mutation: You are vulnerable to heat. (rF-) [potion
                  | of mutation]
  3523 | D:3      | Gained mutation: You have large cloven feet. [potion of
                  | mutation]
  3533 | D:4      | Killed Duvessa
  3534 | D:4      | Reached skill level 1 in Ice Magic
  3534 | D:4      | Gained mutation: Your demonic aura sometimes causes spilled
                  | blood to erupt in flames. [demonic ancestry]
  3534 | D:4      | Reached XP level 6. HP: 23/43 MP: 6/10
  3541 | D:4      | Killed Dowan
  4012 | D:4      | Found a hide-covered altar of Uskayaw.
  4173 | D:5      | Entered Level 5 of the Dungeon
  4173 | D:5      | Noticed an ice beast
  4182 | D:5      | Killed an ice beast
  4183 | D:5      | Reached skill level 4 in Unarmed Combat
  4183 | D:5      | Reached skill level 2 in Ice Magic
  4183 | D:5      | Gained mutation: You have very sharp fingernails. [demonic
                  | ancestry]
  4183 | D:5      | Reached XP level 7. HP: 48/48 MP: 4/12
  4273 | D:5      | Reached skill level 5 in Transmutations
  4289 | D:5      | Found a basalt altar of Yredelemnul.
  4299 | D:5      | Found a staircase to the Ecumenical Temple.
  4458 | Temple   | Entered the Ecumenical Temple
  4553 | D:2      | Became a worshipper of Hepliaklqana the Forgotten
  4723 | D:5      | Reached skill level 3 in Ice Magic
  5269 | D:6      | Reached * piety under Hepliaklqana
  5319 | D:6      | Found a snail-covered altar of Cheibriados.
  5375 | D:6      | Reached skill level 4 in Spellcasting
  5389 | D:6      | Noticed Maggie
  5398 | D:6      | Killed Maggie
  5399 | D:6      | Reached XP level 8. HP: 48/48 MP: 12/14
  5574 | D:6      | Reached skill level 4 in Ice Magic
  5575 | D:6      | Noticed Pikel
  5584 | D:6      | Killed Pikel
  5585 | D:6      | Reached skill level 5 in Unarmed Combat
  5585 | D:6      | Reached skill level 6 in Transmutations
  5670 | D:6      | Found Liptonau's Magic Scroll Shoppe.
  5678 | D:6      | Bought a scroll of blinking for 90 gold pieces
  5678 | D:6      | Bought a scroll of identify for 24 gold pieces
  5678 | D:6      | Bought a scroll of identify for 24 gold pieces
  5678 | D:6      | Bought a scroll of identify for 24 gold pieces
  5678 | D:6      | Bought a scroll of identify for 24 gold pieces
  5934 | D:6      | Found a hazy altar of Hepliaklqana.
  5984 | D:6      | Reached skill level 5 in Ice Magic
  6613 | D:6      | Gained mutation: You are mostly covered in yellow scales.
                  | (AC +3) [demonic ancestry]
  6613 | D:6      | Reached XP level 9. HP: 51/51 MP: 11/16
  6740 | D:7      | Reached ** piety under Hepliaklqana
  6803 | D:7      | Found a broken altar of Ashenzari.
  6838 | D:7      | Reached skill level 5 in Spellcasting
  6998 | D:7      | Reached skill level 7 in Transmutations
  7479 | D:7      | Found an ornate altar of the Wu Jian Council.
  7631 | D:8      | Found Ishriu Femurch's Armour Shop.
  7657 | D:8      | Found a sparkling altar of Nemelex Xobeh.
  7718 | D:8      | Found Amiokhlo's Jewellery Shop.
  7768 | D:8      | Reached skill level 6 in Ice Magic
  7822 | D:8      | Found Bukhoi's Armour Emporium.
  7919 | D:8      | HP: 14/61 [wight/+3 flail (12)]
  8085 | D:8      | HP: 12/62 [wight/+3 morningstar (11)]
  8322 | D:8      | Found Esagh's Antique Armour Emporium.
  8723 | D:8      | Reached *** piety under Hepliaklqana
  8725 | D:8      | You pick up a book of Rime and begin reading...
  8725 | D:8      | You add the spells Frozen Ramparts and Summon Ice Beast to
                  | your library.
  8969 | D:9      | Reached skill level 6 in Unarmed Combat
  9057 | D:9      | You pick up a book of Armaments and begin reading...
  9057 | D:9      | You add the spells Stone Arrow, Animate Armour and
                  | Lehudib's Crystal Spear to your library.
  9226 | D:9      | Reached skill level 8 in Transmutations
  9231 | D:9      | Reached XP level 10. HP: 58/58 MP: 12/18
  9234 | D:9      | Reached skill level 7 in Ice Magic
  9450 | D:9      | Reached skill level 6 in Spellcasting
  9943 | D:10     | Entered Level 10 of the Dungeon
 10026 | D:10     | Noticed Joseph
 10036 | D:10     | Killed Joseph
 10054 | D:10     | Reached skill level 9 in Transmutations
 10235 | D:10     | Found a shadowy altar of Dithmenos.
 10242 | D:10     | Reached **** piety under Hepliaklqana
 10351 | D:10     | Noticed Erica
 10420 | D:10     | Found an ancient bone altar of Kikubaaqudgha.
 10468 | D:10     | Found a shimmering altar of Xom.
 10519 | D:10     | Reached skill level 7 in Unarmed Combat
 10651 | D:10     | Found a blossoming altar of Fedhas.
 10713 | D:11     | Noticed a gargoyle
 10726 | D:10     | HP: 14/69 [wraith (4)]
 10896 | D:11     | Killed a gargoyle
 10897 | D:11     | Reached skill level 7 in Spellcasting
 10899 | D:11     | Remembered your ancestor Ingwe as a hexer
 11079 | D:11     | Noticed Gastronok
 11101 | D:11     | Killed Gastronok
 11102 | D:11     | Reached skill level 10 in Transmutations
 11102 | D:11     | Reached XP level 11. HP: 59/63 MP: 21/21
 11122 | D:11     | HP: 18/75 [wraith (3)]
 11127 | D:11     | HP: 10/75 [wraith (10)]
 11221 | D:11     | Noticed a death knight
 11403 | D:11     | Killed a death knight
 11438 | D:11     | Noticed a brown ugly thing
 11444 | D:11     | HP: 7/75 [acid (12)]
 11450 | D:11     | Killed a brown ugly thing
 11647 | D:11     | Noticed a death knight
 11659 | D:11     | Killed a death knight
 11855 | D:11     | Noticed a death knight
 12002 | D:10     | Found a burning altar of Makhleb.
 12032 | D:10     | Found a shimmering blue altar of Sif Muna.
 12186 | D:10     | Noticed a two-headed ogre
 12191 | D:10     | Killed a two-headed ogre
 12192 | D:10     | Reached skill level 8 in Unarmed Combat
 12511 | D:11     | Noticed a skeletal warrior
 12511 | D:11     | a skeletal warrior comes into view. It is wielding the +8
                  | trident of the Octopus King {venom, rElec rPois}.
 12521 | D:11     | Aim: a skeletal warrior, wielding the +8 trident of the
                  | Octopus King {venom, rElec rPois} and quivering stones
                  | (ally target, 71% to hit)
 12521 | D:11     | Aim: a skeletal warrior, wielding the +8 trident of the
                  | Octopus King {venom, rElec rPois} and quivering stones
                  | (ally target, 71% to hit)
 12529 | D:11     | Killed a skeletal warrior
 12530 | D:11     | Reached skill level 11 in Transmutations
 12530 | D:11     | HP: 17/75 [poisoned by a skeletal warrior]
 12535 | D:11     | HP: 10/75 [poisoned by a skeletal warrior]
 12740 | D:11     | Noticed a death knight
 12748 | D:11     | Killed a death knight
 12749 | D:11     | Reached skill level 8 in Spellcasting
 12750 | D:11     | HP: 16/75 [??? (10)]
 13073 | D:11     | Killed a death knight
 13309 | D:11     | HP: 14/63 [??? (8)]
 13320 | D:11     | HP: 9/63 [??? (4)]
 13327 | D:11     | HP: 6/63 [??? (2)]
 13334 | D:11     | HP: 4/63 [??? (1)]
 13748 | D:11     | HP: 14/63 [??? (8)]
 13754 | D:11     | HP: 10/63 [??? (6)]
 13759 | D:11     | HP: 6/63 [??? (3)]
 13963 | D:11     | HP: 14/63 [??? (8)]
 14148 | D:11     | Found a staircase to the Lair.
 14148 | D:11     | Found a runed translucent gate.
 14148 | D:11     | Found a runed translucent gate.
 14148 | D:11     | Found a runed translucent gate.
 14157 | D:11     | Reached skill level 2 in Dodging
 14225 | D:11     | Noticed PaleRider's ghost (journeyman TrFi)
 14225 | D:11     | Noticed Nonseq's ghost (journeyman DsFE)
 14387 | D:11     | Lost mutation: You are vulnerable to heat. (rF-) [potion of
                  | mutation]
 14387 | D:11     | Lost mutation: You have large cloven feet. [potion of
                  | mutation]
 14387 | D:11     | Gained mutation: Potions are less effective at restoring
                  | your health. [potion of mutation]
 14387 | D:11     | Gained mutation: You have a somewhat thin skeletal
                  | structure. (Dex +2, Stealth+) [potion of mutation]
 14388 | D:11     | Lost mutation: Potions are less effective at restoring your
                  | health. [potion of mutation]
 14388 | D:11     | Lost mutation: You have a somewhat thin skeletal structure.
                  | (Dex +2, Stealth+) [potion of mutation]
 14388 | D:11     | Gained mutation: Your flesh is heat resistant. (rF+)
                  | [potion of mutation]
 14388 | D:11     | Gained mutation: You are robust. (+10% HP) [potion of
                  | mutation]
 14416 | Lair:1   | Entered Level 1 of the Lair of Beasts
 14479 | Lair:1   | Noticed a boulder beetle
 14499 | Lair:1   | Killed a boulder beetle
 14500 | Lair:1   | Reached skill level 1 in Invocations
 14526 | Lair:1   | You add the spells Tukima's Dance, Passage of Golubria and
                  | Yara's Violent Unravelling to your library.
 14742 | Lair:1   | Reached skill level 2 in Fighting
 14881 | Lair:1   | Reached skill level 2 in Invocations
 15040 | Lair:1   | Gained mutation: You are completely covered in yellow
                  | scales. (AC +4, rCorr) [demonic ancestry]
 15040 | Lair:1   | Reached XP level 12. HP: 59/78 MP: 21/24
 15403 | Lair:1   | HP: 11/94 [oklob plant/splash of acid (30)]
 15785 | Lair:1   | HP: 23/94 [oklob plant/splash of acid (17)]
 16169 | Lair:1   | Reached skill level 3 in Dodging
 16401 | Lair:1   | Reached skill level 3 in Invocations
 16612 | Lair:1   | HP: 22/96 [oklob plant/splash of acid (27)]
 16844 | Lair:2   | Reached skill level 3 in Fighting
 17075 | Lair:2   | Noticed a seven-headed hydra
 17084 | Lair:2   | Killed a seven-headed hydra
 17085 | Lair:2   | Reached skill level 12 in Transmutations
 17192 | Lair:2   | Reached skill level 4 in Invocations
 17323 | Lair:2   | Found a staircase to the Swamp.
 17451 | Lair:2   | Reached skill level 9 in Unarmed Combat
 17552 | Lair:2   | Reached skill level 4 in Dodging
 17799 | Lair:2   | Reached skill level 4 in Fighting
 17799 | Lair:2   | Reached skill level 5 in Invocations
 17816 | Lair:2   | You pick up a book of Misfortune and begin reading...
 18205 | Lair:3   | Reached skill level 9 in Spellcasting
 18430 | Lair:3   | Found a staircase to the Snake Pit.
 18845 | Lair:3   | Reached XP level 13. HP: 90/90 MP: 22/26
 19070 | Lair:3   | You pick up a book of the Senses and begin reading...
 19070 | Lair:3   | You add the spells Dazzling Flash, Agony and Silence to
                  | your library.
 19159 | Lair:3   | Reached ***** piety under Hepliaklqana
 19460 | Lair:4   | Found a staircase to the Slime Pits.
 19676 | Lair:4   | Found a burning altar of Makhleb.
 20028 | Lair:4   | Reached skill level 6 in Invocations
 20124 | Lair:4   | Noticed Snorg
 20130 | Lair:4   | Noticed Urug
 20140 | Lair:4   | Killed Snorg
 20140 | Lair:4   | Noticed Sonja
 20147 | Lair:4   | Killed Urug
 20149 | Lair:4   | HP: 28/135 [Sonja/+0 short sword of distortion (13)]
 20150 | Lair:4   | Killed Sonja
 20151 | Lair:4   | Reached skill level 5 in Fighting
 20151 | Lair:4   | HP: 10/136 [black mamba (11)]
 20152 | Lair:4   | Reached skill level 5 in Dodging
 20152 | Lair:4   | Slain by a black mamba

Vanquished Creatures
  Snorg (Lair:4)
  A hydra (Lair:2)
  A boulder beetle (Lair:1)
  A two-headed ogre (D:10)
  3 death knights (D:11)
  Sonja (Lair:4)
  Urug (Lair:4)
  A skeletal warrior (D:11)
  A necromancer (Lair:4)
  Pikel (D:6)
  2 oklob plants (Lair:1)
  2 black mambas
  An elephant (Lair:1)
  Joseph (D:10)
  10 cane toads
  A gargoyle (D:11)
  Maggie (D:6)
  2 rime drakes (Lair:3)
  3 komodo dragons (Lair:2)
  4 blink frogs (Lair:2)
  A vampire (D:10)
  3 wyverns
  4 wraiths
  31 yaks
  3 basilisks
  A steam dragon (D:8)
  Duvessa (D:4)
  3 nagas (Lair:3)
  12 water moccasins
  4 orc warriors
  4 black bears
  An ice beast (D:5)
  A sky beast (D:7)
  2 wolves (Lair:1)
  A centaur (D:9)
  2 kobold brigands (D:8)
  5 bullfrogs
  2 necrophages
  A gnoll sergeant (D:8)
  14 wights
  A hexer (Lair:4)
  Dowan (D:4)
  3 howler monkeys
  5 electric eels
  2 hounds
  6 orc priests
  4 jellies
  3 iguanas
  7 orc wizards
  4 hell rats (Lair:2)
  5 polar bear simulacra (Lair:4)
  3 wolf simulacra (Lair:4)
  5 gnolls
  6 adders
  A white imp (D:6)
  An ufetubus (D:7)
  4 worms
  4 dart slugs
  32 orcs
  7 endoplasms
  7 goblins
  4 hobgoblins
  8 jackals
  8 quokkas
  7 ball pythons
  7 bats
  4 frilled lizards
  19 kobolds
  3 rats
  2 river rat simulacra (Lair:4)
  A butterfly (Lair:2)
309 creatures vanquished.

Vanquished Creatures (collateral kills)
  Gastronok (D:11)
  A death knight (D:11)
  An ugly thing (D:11)
  2 elephants
  A cane toad (Lair:3)
  A rime drake (Lair:4)
  A blink frog (Lair:2)
  9 yaks
  2 wyverns
  A basilisk (Lair:2)
  A water moccasin (Lair:2)
  An ogre (D:4)
  A bullfrog (Lair:1)
  3 wights
  An orc priest (D:9)
  3 orc wizards
  A wolf simulacrum (Lair:4)
  A gnoll (D:8)
  An adder (D:6)
  2 shadow imps
  4 orcs
  An endoplasm (Lair:4)
  2 butterflies (Lair:2)
42 creatures vanquished.

Vanquished Creatures (others)
  16 hexers
  5 ancestors
  8 fungi (Lair:2)
  46 plants
  3 withered plants (D:11)
78 creatures vanquished.

Grand Total: 429 creatures vanquished

Table legend:
 A = Non-vault XP
 B = Vault XP
 C = Vault XP percentage of total XP
 D = Non-vault monster count
 E = Vault monster count
 F = Vault count percentage of total count
                 A         B        C        D         E       F
            +---------+---------+-------+---------+---------+-------
      Total |   28806 |   15854 |  35.5 |     273 |      74 |  21.3
            +---------+---------+-------+---------+---------+-------
        D:1 |      45 |       1 |   2.2 |      26 |       1 |   3.7
        D:2 |      52 |       0 |   0.0 |      13 |       0 |   0.0
        D:3 |      96 |      61 |  38.9 |       9 |      22 |  71.0
        D:4 |     239 |     222 |  48.2 |      11 |       2 |  15.4
        D:5 |     540 |       0 |   0.0 |      21 |       0 |   0.0
        D:6 |     611 |    1002 |  62.1 |      14 |       2 |  12.5
        D:7 |     691 |       0 |   0.0 |      16 |       0 |   0.0
        D:8 |    1330 |       0 |   0.0 |      33 |       0 |   0.0
        D:9 |    1860 |       0 |   0.0 |      17 |       0 |   0.0
       D:10 |    3473 |     419 |  10.8 |      26 |       1 |   3.7
       D:11 |    1934 |    5774 |  74.9 |      14 |       8 |  36.4
     Lair:1 |    4289 |    2799 |  39.5 |      15 |       8 |  34.8
     Lair:2 |    7305 |       0 |   0.0 |      31 |       0 |   0.0
     Lair:3 |    3995 |    2069 |  34.1 |      17 |      11 |  39.3
     Lair:4 |    2346 |    3507 |  59.9 |      10 |      19 |  65.5
            +---------+---------+-------+---------+---------+-------

Illustrated notes

Table legend:
 A = Kills in this place as a percentage of kills in entire the game.
 B = Kills by you in this place as a percentage of kills by you in the entire game.
 C = Kills by friends in this place as a percentage of kills by friends in the entire game.
 D = Other kills in this place as a percentage of other kills in the entire game.
 E = Experience gained in this place as a percentage of experience gained in the entire game.
 F = Experience gained in this place divided by the number of levels of this place that you have seen.
                   A       B       C       D       E      F
               +-------+-------+-------+-------+-------+----------------------
         Total | 100.0 | 100.0 | 100.0 | 100.0 | 100.0 | 2791.2
       Dungeon |  68.0 |  69.6 |  57.5 |   0.0 |  41.1 | 1668.2
          Lair |  32.0 |  30.4 |  42.5 | 100.0 |  58.9 | 6577.5
               +-------+-------+-------+-------+-------+----------------------

Table legend: (Time is in decaauts)
 A = Elapsed time spent in this place.
 B = Non-inter-level travel time spent in this place.
 C = Inter-level travel time spent in this place.
 D = Time resting spent in this place.
 E = Time spent auto-exploring this place.
 F = Levels seen in this place.
 G = Mean time per level.
                   A        B        C        D        E       F      G
               +--------+--------+--------+--------+--------+-----+--------+
         Total |  20150 |  19458 |    692 |   1184 |  15384 |  16 | 1259.4 |
       Dungeon |  14407 |  13879 |    528 |    811 |  10964 |  11 | 1309.7 |
        Temple |     35 |     32 |      3 |      0 |     26 |   1 |   35.0 |
          Lair |   5707 |   5547 |    160 |    373 |   4394 |   4 | 1426.8 |
               +--------+--------+--------+--------+--------+-----+--------+

Top non-repeatable levels by time:
    D:11: 2773 daAuts
  Lair:1: 2402 daAuts
    D:10: 1758 daAuts
     D:6: 1456 daAuts
     D:1: 1309 daAuts
     D:8: 1290 daAuts
  Lair:2: 1276 daAuts
  Lair:3: 1251 daAuts
     D:3: 1145 daAuts
     D:9: 1010 daAuts
     D:2: 966 daAuts
     D:7: 959 daAuts
     D:5: 898 daAuts
     D:4: 838 daAuts
  Lair:4: 776 daAuts
